Jets vs Oilers

Created - 24 octobre 2014 at 19:01

Goals
1 2 3 T
Jets 1 0 1 2
Oilers 1 2 1 4
Shots
1 2 3 T
Jets 10 10 19 39
Oilers 13 10 8 31

1st period

1. Oilers , Jordan Nolan 1 (Ian White, Tyler Kennedy) at 4:27
2. Jets , Kristian Huselius 3 (Mikko Koivu, Tuomo Ruutu) at 16:46

Penalties :
Ales Kotalik (Win) for High sticking (Minor) at 14:11, Mark Streit (Win) for Boarding (Minor) at 19:14

2nd period

3. Oilers , Pavel Datsyuk 11 (Patrick Kaleta, Zach Bogosian) at 2:30
4. Oilers , Scott Niedermayer 2 (Joe Pavelski, Ilya Kovalchuk) at 11:05 (PP)

Penalties :
Fredrik Sjostrom (Win) for Hooking (Minor) at 4:43, Mikko Koivu (Win) for Hooking (Minor) at 10:53, Mikko Koivu (Win) for Hooking (Minor) at 12:46, Kristian Huselius (Win) for Elbowing (Minor) at 16:25

3rd period

5. Oilers , Jonathan Toews 8 (Ilya Kovalchuk, Joe Pavelski) at 14:31 (PP)
6. Jets , Benoit Pouliot 10 (Dmitri Kalinin, Derek Roy) at 18:39 (PP)

Penalties :
Peter Regin (Edm) for Hooking (Minor) at 3:20, Jussi Jokinen (Win) for Tripping (Minor) at 13:52, Ilya Kovalchuk (Edm) for Interference (Minor) at 18:29

Goalie Stats

Maxime Daigneault (Win), 27 saves from 31 shots - (0,871), L, 2-7-0, 60:00 minutes
Cam Ward (Edm), 37 saves from 39 shots - (0,949), W, 6-5-2, 60:00 minutes

Players Stats for Jets

Player Name              G  A  P  +/- PIM S  H  SB GA TA FO     MP     PP MP  PK MP  
------------------------------------------------------------------------------------
Adam Burish              0  0  0  -2  0   0  2  0  0  1  0/1    19:25   0:56   5:58 
Ales Kotalik             0  0  0   0  2   3  1  1  0  0  2/3    19:46   1:12   2:36 
Benoit Pouliot           1  0  1   0  0   4  1  0  0  0  0/1    17:35   1:12   1:30 
Colin White              0  0  0   1  0   0  0  1  0  1  0/0    10:03   0:00   3:34 
Derek Roy                0  1  1   0  0   4  5  1  0  1  11/25  22:28   1:12   5:58 
Dmitri Kalinin           0  1  1  -1  0   0  1  2  0  1  0/0    24:09   0:49   7:12 
Eric Fehr                0  0  0   0  0   6  0  0  0  0  0/0    12:19   0:01   0:00 
Fredrik Sjostrom         0  0  0   0  2   4  2  0  1  1  0/0    14:15   0:01   1:25 
Greg Campbell            0  0  0   0  0   5  0  0  0  1  7/8    17:17   0:01   3:51 
Jussi Jokinen            0  0  0  -2  2   0  0  1  0  1  0/1    13:02   0:56   0:00 
Kristian Huselius        1  0  1   1  2   3  2  0  0  0  0/0     7:14   0:00   0:00 
Marek Zidlicky           0  0  0   0  0   0  1  0  0  0  0/0    16:08   0:49   0:00 
Mark Streit              0  0  0   0  2   0  0  2  0  0  0/0    14:43   1:20   0:00 
Michal Rozsival          0  0  0  -1  0   1  1  3  0  0  0/0    27:31   1:20   7:12 
Mikko Koivu              0  1  1  -1  4   6  0  0  2  0  7/11   18:58   0:56   0:14 
Niklas Hjalmarsson       0  0  0  -1  0   0  0  1  0  0  0/0    11:12   0:00   0:00 
Tom Preissing            0  0  0   0  0   1  1  1  0  0  0/0    16:21   0:00   3:34 
Tuomo Ruutu              0  1  1   1  0   2  1  1  0  0  0/0     6:41   0:00   0:00 

Players Stats for Oilers

Player Name              G  A  P  +/- PIM S  H  SB GA TA FO     MP     PP MP  PK MP  
------------------------------------------------------------------------------------
Christian Ehrhoff        0  0  0   0  0   1  1  1  1  0  0/0    20:53   5:08   1:06 
Duncan Keith             0  0  0   0  0   1  2  0  0  1  0/0    21:50   5:08   1:06 
Eric Nystrom             0  0  0   0  0   2  0  0  1  0  0/0    10:06   0:00   0:58 
Ian White                0  1  1   0  0   0  1  0  0  0  0/0    24:08   5:38   1:03 
Ilya Kovalchuk           0  2  2   0  2   6  0  2  1  0  2/2    22:23   6:18   0:55 
Joe Pavelski             0  2  2   0  0   1  2  0  2  0  1/1    19:48   6:18   0:00 
Jonathan Toews           1  0  1   0  0   2  1  0  0  1  9/20   20:51   6:18   0:00 
Jordan Nolan             1  0  1   0  0   2  3  0  0  0  1/3    10:39   0:00   0:21 
Patrick Kaleta           0  1  1   1  0   5  1  0  1  1  0/0    16:19   4:20   0:00 
Pavel Datsyuk            1  0  1   1  0   2  1  1  0  0  7/18   17:38   4:20   1:02 
Peter Regin              0  0  0   0  2   2  0  0  1  0  2/5    12:00   0:08   0:00 
Rob Scuderi              0  0  0   1  0   0  0  0  0  0  0/0    13:58   0:00   1:03 
Scott Niedermayer        1  0  1   0  0   3  1  1  0  0  0/0    24:12   5:38   0:00 
Steve Begin              0  0  0   0  0   1  3  0  0  0  1/1    11:39   0:00   1:02 
Tomas Fleischmann        0  0  0   1  0   2  0  0  0  0  0/0    16:19   4:20   0:00 
Tyler Kennedy            0  1  1   0  0   0  3  0  0  0  0/0     8:55   0:08   0:00 
Wayne Simmonds           0  0  0   0  0   0  1  0  0  0  0/0    11:12   0:08   0:00 
Zach Bogosian            0  1  1   1  0   1  1  0  0  0  0/0    14:59   0:00   0:00 

3 Stars

1 - Cam Ward (Edm)
2 - Pavel Datsyuk (Edm)
3 - Jordan Nolan (Edm)

Power Play

Jets - 1 on 2 Attempt(s) - 50,00%
Oilers - 2 on 7 Attempt(s) - 28,57%

Penalty Kill

Jets - 5 on 7 Attempt(s) - 71,43% - Score 0 goal in Penalty Kill
Oilers - 1 on 2 Attempt(s) - 50,00% - Score 0 goal in Penalty Kill

Official

Referees : O'Halloran Dan and Joannette Marc
Linesman : Greg Devorski and Scott Driscoll

Game Notes

No Game Note

Finance

Level 1 -- Attendance: 4591 (76,52%) -- Ticket Income 408 599 $
Level 2 -- Attendance: 4781 (95,62%) -- Ticket Income 243 831 $
Level 3 -- Attendance: 1409 (70,45%) -- Ticket Income 47 906 $
Level 4 -- Attendance: 3079 (76,98%) -- Ticket Income 70 817 $
Luxury Box -- Attendance: 1000 (100,00%) -- Ticket Income 162 000 $
Game was played at the Rexall Place
Total Attendance: 14860 (82,56%)
Total Ticket Income: 933 153 $
Other Income: 139 973 $
Total Income: 1 073 126 $

Jets

5 vs 5 Forward 
   Center                   Left Wing                Right Wing               Time % Phy DF OF 
 1 Derek Roy                Benoit Pouliot           Ales Kotalik             40     2   1  2  
 2 Mikko Koivu              Jussi Jokinen            Adam Burish              30     2   1  2  
 3 Greg Campbell            Fredrik Sjostrom         Eric Fehr                20     2   1  2  
 4 Mikko Koivu              Kristian Huselius        Tuomo Ruutu              10     1   2  2  

5 vs 5 Defense 
   Defense                  Defense                                           Time % Phy DF OF 
 1 Michal Rozsival          Dmitri Kalinin                                    40     1   3  1  
 2 Marek Zidlicky           Mark Streit                                       30     1   3  1  
 3 Tom Preissing            Niklas Hjalmarsson                                20     1   3  1  
 4 Colin White              Michal Rozsival                                   10     1   3  1  

PowerPlay Forward 
   Center                   Left Wing                Right Wing               Time % Phy DF OF 
 1 Derek Roy                Benoit Pouliot           Ales Kotalik             60     1   1  3  
 2 Mikko Koivu              Jussi Jokinen            Adam Burish              40     1   1  3  

PowerPlay Defense
   Defense                  Defense                                           Time % Phy DF OF 
 1 Michal Rozsival          Mark Streit                                       60     1   1  3  
 2 Dmitri Kalinin           Marek Zidlicky                                    40     1   1  3  

Penalty Kill 4 Players Forward 
   Center                   Wing                     Time % Phy DF OF 
 1 Derek Roy                Adam Burish              60     1   3  1  
 2 Greg Campbell            Ales Kotalik             40     1   3  1  

Penalty Kill 4 Players Defense
   Defense                  Defense                  Time % Phy DF OF 
 1 Michal Rozsival          Dmitri Kalinin           60     1   4  0  
 2 Colin White              Tom Preissing            40     1   4  0  

Penalty Kill - 3 Players Forward 
   Forward                                           Time % Phy DF OF 
 1 Derek Roy                                         60     0   4  1  
 2 Greg Campbell                                     40     0   4  1  

Penalty Kill - 3 Players Defense
   Defense                  Defense                  Time % Phy DF OF 
 1 Michal Rozsival          Dmitri Kalinin           60     1   4  0  
 2 Tom Preissing            Marek Zidlicky           40     1   4  0  

4 vs 4 Forward 
   Center                   Wing                     Time % Phy DF OF 
 1 Derek Roy                Benoit Pouliot           60     1   2  2  
 2 Mikko Koivu              Jussi Jokinen            40     1   2  2  

4 vs 4 Defense
   Defense                  Defense                  Time % Phy DF OF 
 1 Michal Rozsival          Dmitri Kalinin           60     1   2  2  
 2 Mark Streit              Marek Zidlicky           40     1   2  2  

Last Minutes Offensive
   Center                   Left Wing                Right Wing               Defense                  Defense                  
   Derek Roy                Benoit Pouliot           Ales Kotalik             Michal Rozsival          Dmitri Kalinin           

Last Minutes Defensive
   Center                   Left Wing                Right Wing               Defense                  Defense                  
   Greg Campbell            Jussi Jokinen            Ales Kotalik             Michal Rozsival          Dmitri Kalinin           

Goaltenders
Starting : Maxime Daigneault        
Backup : Ilya Bryzgalov           

Extra Forwards
Normal : Greg Campbell, Ales Kotalik, Fredrik Sjostrom - PP : Greg Campbell, Ales Kotalik - PK : Fredrik Sjostrom
Extra Defensemen
Normal : Dmitri Kalinin, Michal Rozsival, Marek Zidlicky - PP : Michal Rozsival - PK : Michal Rozsival, Dmitri Kalinin
Penalty Shots
Benoit Pouliot, Derek Roy, Mikko Koivu, Ales Kotalik, Adam Burish

Oilers

5 vs 5 Forward 
   Center                   Left Wing                Right Wing               Time % Phy DF OF 
 1 Jonathan Toews           Ilya Kovalchuk           Joe Pavelski             38     1   2  2  
 2 Pavel Datsyuk            Tomas Fleischmann        Patrick Kaleta           32     1   2  2  
 3 Peter Regin              Steve Begin              Wayne Simmonds           20     1   2  2  
 4 Jordan Nolan             Eric Nystrom             Tyler Kennedy            10     1   2  2  

5 vs 5 Defense 
   Defense                  Defense                                           Time % Phy DF OF 
 1 Ian White                Scott Niedermayer                                 37     1   2  2  
 2 Duncan Keith             Christian Ehrhoff                                 30     1   2  2  
 3 Zach Bogosian            Rob Scuderi                                       26     1   2  2  
 4 Duncan Keith             Zach Bogosian                                     7      1   2  2  

PowerPlay Forward 
   Center                   Left Wing                Right Wing               Time % Phy DF OF 
 1 Jonathan Toews           Ilya Kovalchuk           Joe Pavelski             55     1   1  3  
 2 Pavel Datsyuk            Tomas Fleischmann        Patrick Kaleta           45     1   1  3  

PowerPlay Defense
   Defense                  Defense                                           Time % Phy DF OF 
 1 Ian White                Scott Niedermayer                                 50     0   2  3  
 2 Duncan Keith             Christian Ehrhoff                                 50     0   2  3  

Penalty Kill 4 Players Forward 
   Center                   Wing                     Time % Phy DF OF 
 1 Pavel Datsyuk            Steve Begin              50     1   3  1  
 2 Peter Regin              Eric Nystrom             50     1   3  1  

Penalty Kill 4 Players Defense
   Defense                  Defense                  Time % Phy DF OF 
 1 Ian White                Rob Scuderi              50     1   3  1  
 2 Duncan Keith             Christian Ehrhoff        50     1   3  1  

Penalty Kill - 3 Players Forward 
   Forward                                           Time % Phy DF OF 
 1 Pavel Datsyuk                                     50     1   4  0  
 2 Ilya Kovalchuk                                    50     1   4  0  

Penalty Kill - 3 Players Defense
   Defense                  Defense                  Time % Phy DF OF 
 1 Ian White                Rob Scuderi              50     1   4  0  
 2 Duncan Keith             Christian Ehrhoff        50     1   4  0  

4 vs 4 Forward 
   Center                   Wing                     Time % Phy DF OF 
 1 Jonathan Toews           Ilya Kovalchuk           50     1   2  2  
 2 Pavel Datsyuk            Joe Pavelski             50     1   2  2  

4 vs 4 Defense
   Defense                  Defense                  Time % Phy DF OF 
 1 Ian White                Scott Niedermayer        50     1   2  2  
 2 Duncan Keith             Christian Ehrhoff        50     1   2  2  

Last Minutes Offensive
   Center                   Left Wing                Right Wing               Defense                  Defense                  
   Pavel Datsyuk            Ilya Kovalchuk           Jonathan Toews           Ian White                Duncan Keith             

Last Minutes Defensive
   Center                   Left Wing                Right Wing               Defense                  Defense                  
   Pavel Datsyuk            Ilya Kovalchuk           Joe Pavelski             Ian White                Rob Scuderi              

Goaltenders
Starting : Cam Ward                 
Backup : Sebastien Caron          

Extra Forwards
Normal : Pavel Datsyuk, Jonathan Toews, Ilya Kovalchuk - PP : Peter Regin, Wayne Simmonds - PK : Ilya Kovalchuk
Extra Defensemen
Normal : Duncan Keith, Zach Bogosian, Ian White - PP : Zach Bogosian - PK : Scott Niedermayer, Zach Bogosian
Penalty Shots
Ilya Kovalchuk, Joe Pavelski, Pavel Datsyuk, Jonathan Toews, Peter Regin

% Time on Ice - Jets

Lines # - Real PCT - Wanted PCT - Time Play
Normal Forward
1 - 37% - 40% - 17:12
2 - 27% - 30% - 12:49
3 - 22% - 20% - 10:23
4 - 14% - 10% - 6:41
Normal Defense
1 - 30% - 40% - 14:13
2 - 36% - 30% - 16:54
3 - 24% - 20% - 11:12
4 - 10% - 10% - 4:46
PP Forward
1 - 57% - 60% - 1:13
2 - 43% - 40% - 0:56
PP Defense
1 - 62% - 60% - 1:20
2 - 38% - 40% - 0:49
PK Forward
1 - 68% - 60% - 7:19
2 - 32% - 40% - 3:27
PK Defense
1 - 67% - 60% - 7:12
2 - 33% - 40% - 3:34
PK3 Forward
1 - 0% - 60%
2 - 0% - 40%
PK3 Defense
1 - 0% - 60%
2 - 0% - 40%
44 Forward
1 - 0% - 60%
2 - 0% - 40%
44 Defense
1 - 0% - 60%
2 - 0% - 40%
Last Minute Offensive  - 0:00
Last Minute Defensive  - 0:00
Total
Forward - 60:00
Defense - 60:00

% Time on Ice - Oilers

Lines # - Real PCT - Wanted PCT - Time Play
Normal Forward
1 - 30% - 38% - 13:57
2 - 30% - 32% - 13:54
3 - 23% - 20% - 10:37
4 - 18% - 10% - 8:37
Normal Defense
1 - 40% - 37% - 18:57
2 - 31% - 30% - 14:39
3 - 27% - 26% - 12:32
4 - 2% - 7% - 0:57
PP Forward
1 - 60% - 55% - 6:26
2 - 40% - 45% - 4:20
PP Defense
1 - 52% - 50% - 5:38
2 - 48% - 50% - 5:08
PK Forward
1 - 48% - 50% - 1:02
2 - 52% - 50% - 1:07
PK Defense
1 - 49% - 50% - 1:03
2 - 51% - 50% - 1:06
PK3 Forward
1 - 0% - 50%
2 - 0% - 50%
PK3 Defense
1 - 0% - 50%
2 - 0% - 50%
44 Forward
1 - 0% - 50%
2 - 0% - 50%
44 Defense
1 - 0% - 50%
2 - 0% - 50%
Last Minute Offensive  - 0:00
Last Minute Defensive  - 0:00
Total
Forward - 60:00
Defense - 60:00

Play by Play

1st period


0:01 of 1st period - Jonathan Toews wins face-off versus Benoit Pouliot in neutral zone.
0:01 of 1st period - Jonathan Toews is hit by Derek Roy.
0:15 of 1st period - Ilya Kovalchuk is hit by Derek Roy.
0:46 of 1st period - Wrist shot by Eric Nystrom.
0:46 of 1st period - Shot Misses the Net.
0:48 of 1st period - Slapshot by Duncan Keith.
0:48 of 1st period - Shot Blocked by Michal Rozsival.
0:50 of 1st period - Slapshot by Duncan Keith.
0:50 of 1st period - Stopped by Maxime Daigneault with a rebound.
0:56 of 1st period - Wrist shot by Christian Ehrhoff.
0:56 of 1st period - Shot Blocked by Dmitri Kalinin.
1:34 of 1st period - Wrist shot by Ilya Kovalchuk.
1:34 of 1st period - Stopped by Maxime Daigneault with a rebound.
1:36 of 1st period - Slapshot by Christian Ehrhoff.
1:36 of 1st period - Shot Misses the Net.
3:27 of 1st period - Mikko Koivu is hit by Tyler Kennedy.
4:16 of 1st period - Mikko Koivu is hit by Tyler Kennedy and loses puck.
4:27 of 1st period - Wrist shot by Ian White.
4:27 of 1st period - Deflect By Jordan Nolan.
4:27 of 1st period - Goal by Jordan Nolan - Jets : 0 - Oilers : 1.
4:28 of 1st period - Derek Roy wins face-off versus Jonathan Toews in neutral zone.
4:35 of 1st period - Ian White is hit by Ales Kotalik and loses puck.
4:59 of 1st period - Snap shot by Mikko Koivu.
4:59 of 1st period - Stopped by Cam Ward with a rebound.
5:01 of 1st period - Snap shot by Mikko Koivu.
5:01 of 1st period - Stopped by Cam Ward with a rebound.
5:03 of 1st period - Slapshot by Michal Rozsival.
5:03 of 1st period - Deflect By Pavel Datsyuk.
5:03 of 1st period - Stopped by Cam Ward with a rebound.
5:23 of 1st period - Backhand shot by Zach Bogosian.
5:23 of 1st period - Stopped by Maxime Daigneault without a rebound.
5:24 of 1st period - Derek Roy wins face-off versus Jonathan Toews in Jets zone.
5:29 of 1st period - Slapshot by Derek Roy.
5:29 of 1st period - Stopped by Cam Ward with a rebound.
6:18 of 1st period - Snap shot by Peter Regin.
6:18 of 1st period - Shot Blocked by Michal Rozsival.
6:20 of 1st period - Slapshot by Duncan Keith.
6:20 of 1st period - Shot Misses the Net.
6:22 of 1st period - Slapshot by Steve Begin.
6:22 of 1st period - Stopped by Maxime Daigneault with a rebound.
6:40 of 1st period - Wrist shot by Mikko Koivu.
6:40 of 1st period - Stopped by Cam Ward with a rebound.
7:00 of 1st period - Wrist shot by Ilya Kovalchuk.
7:00 of 1st period - Stopped by Maxime Daigneault with a rebound.
7:02 of 1st period - Wrist shot by Ilya Kovalchuk.
7:02 of 1st period - Stopped by Maxime Daigneault with a rebound.
7:26 of 1st period - Slapshot by Fredrik Sjostrom.
7:26 of 1st period - Shot Misses the Net.
7:28 of 1st period - Snap shot by Greg Campbell.
7:28 of 1st period - Stopped by Cam Ward without a rebound.
7:29 of 1st period - Greg Campbell wins face-off versus Peter Regin in Oilers zone.
7:40 of 1st period - Wrist shot by Fredrik Sjostrom.
7:40 of 1st period - Shot Misses the Net.
8:22 of 1st period - Wrist shot by Pavel Datsyuk.
8:22 of 1st period - Shot Hit the Post.
8:24 of 1st period - Slapshot by Patrick Kaleta.
8:24 of 1st period - Stopped by Maxime Daigneault with a rebound.
8:26 of 1st period - Slapshot by Scott Niedermayer.
8:26 of 1st period - Shot Blocked by Dmitri Kalinin.
8:28 of 1st period - Slapshot by Ian White.
8:28 of 1st period - Shot Misses the Net.
8:58 of 1st period - Mark Streit is hit by Steve Begin and loses puck.
9:14 of 1st period - Icing by Marek Zidlicky.
9:15 of 1st period - Jonathan Toews wins face-off versus Mikko Koivu in Jets zone.
9:38 of 1st period - Wrist shot by Jonathan Toews.
9:38 of 1st period - Shot Blocked by Mark Streit.
10:17 of 1st period - Wrist shot by Jonathan Toews.
10:17 of 1st period - Shot Misses the Net.
10:32 of 1st period - Wrist shot by Ilya Kovalchuk.
10:32 of 1st period - Shot Blocked by Niklas Hjalmarsson.
10:48 of 1st period - Scott Niedermayer is hit by Tom Preissing and loses puck.
11:05 of 1st period - Slapshot by Derek Roy.
11:05 of 1st period - Stopped by Cam Ward without a rebound.
11:06 of 1st period - Mikko Koivu wins face-off versus Pavel Datsyuk in Oilers zone.
11:15 of 1st period - Snap shot by Jussi Jokinen.
11:15 of 1st period - Shot Misses the Net.
11:40 of 1st period - Slapshot by Steve Begin.
11:40 of 1st period - Shot Misses the Net.
11:50 of 1st period - Snap shot by Eric Nystrom.
11:50 of 1st period - Shot Blocked by Tuomo Ruutu.
11:56 of 1st period - Michal Rozsival is hit by Jordan Nolan.
12:32 of 1st period - Slapshot by Peter Regin.
12:32 of 1st period - Shot Misses the Net.
12:34 of 1st period - Snap shot by Christian Ehrhoff.
12:34 of 1st period - Stopped by Maxime Daigneault with a rebound.
12:36 of 1st period - Wrist shot by Peter Regin.
12:36 of 1st period - Stopped by Maxime Daigneault with a rebound.
13:12 of 1st period - Zach Bogosian is hit by Kristian Huselius and loses puck.
13:41 of 1st period - Icing by Adam Burish.
13:42 of 1st period - Pavel Datsyuk wins face-off versus Mikko Koivu in Jets zone.
13:45 of 1st period - Backhand shot by Peter Regin.
13:45 of 1st period - Stopped by Maxime Daigneault without a rebound.
13:46 of 1st period - Derek Roy wins face-off versus Peter Regin in Jets zone.
13:53 of 1st period - Snap shot by Derek Roy.
13:53 of 1st period - Stopped by Cam Ward with a rebound.
13:55 of 1st period - Snap shot by Derek Roy.
13:55 of 1st period - Deflect By Benoit Pouliot.
13:55 of 1st period - Shot Misses the Net.
13:55 of 1st period - Puck is out of play.
13:56 of 1st period - Derek Roy wins face-off versus Pavel Datsyuk in Oilers zone.
13:59 of 1st period - Wrist shot by Benoit Pouliot.
13:59 of 1st period - Stopped by Cam Ward without a rebound.
14:00 of 1st period - Pavel Datsyuk wins face-off versus Derek Roy in Oilers zone.
14:00 of 1st period - Pavel Datsyuk is hit by Benoit Pouliot.
14:08 of 1st period - Wrist shot by Patrick Kaleta.
14:08 of 1st period - Stopped by Maxime Daigneault without a rebound.
14:09 of 1st period - Derek Roy wins face-off versus Pavel Datsyuk in Jets zone.
14:11 of 1st period - Minor Penalty to Ales Kotalik for High sticking.
14:12 of 1st period - Jonathan Toews wins face-off versus Derek Roy in Jets zone.
16:11 of 1st period - Penalty to Ales Kotalik is over, Ales Kotalik is back on ice.
16:46 of 1st period - Wrist shot by Kristian Huselius.
16:46 of 1st period - Goal by Kristian Huselius - Jets : 1 - Oilers : 1.
16:47 of 1st period - Greg Campbell wins face-off versus Pavel Datsyuk in neutral zone.
17:14 of 1st period - Zach Bogosian is hit by Kristian Huselius and loses puck.
17:19 of 1st period - Backhand shot by Tuomo Ruutu.
17:19 of 1st period - Shot Misses the Net.
17:43 of 1st period - Ales Kotalik is hit by Steve Begin.
18:03 of 1st period - Snap shot by Scott Niedermayer.
18:03 of 1st period - Stopped by Maxime Daigneault with a rebound.
18:45 of 1st period - Duncan Keith is hit by Derek Roy and loses puck.
19:14 of 1st period - Minor Penalty to Mark Streit for Boarding.
19:15 of 1st period - Joe Pavelski wins face-off versus Derek Roy in Jets zone.
19:40 of 1st period - Derek Roy is hit by Ian White and loses puck.
19:45 of 1st period - Slapshot by Pavel Datsyuk.
19:45 of 1st period - Shot Misses the Net.
19:47 of 1st period - Wrist shot by Tomas Fleischmann.
19:47 of 1st period - Shot Misses the Net.
19:49 of 1st period - Slapshot by Scott Niedermayer.
19:49 of 1st period - Shot Blocked by Derek Roy.
Goals for this period are 1 for Jets vs 1 for Oilers.
Shots for this period are 10 for Jets vs 13 for Oilers.

2nd period


0:01 of 2nd period - Jonathan Toews wins face-off versus Adam Burish in neutral zone.
0:12 of 2nd period - Derek Roy is hit by Duncan Keith and loses puck.
0:27 of 2nd period - Adam Burish is hit by Christian Ehrhoff and loses puck.
0:39 of 2nd period - Off-side.
0:40 of 2nd period - Greg Campbell wins face-off versus Jonathan Toews in neutral zone.
1:14 of 2nd period - Penalty to Mark Streit is over, Mark Streit is back on ice.
1:20 of 2nd period - Kristian Huselius is hit by Duncan Keith and loses puck.
1:27 of 2nd period - Dmitri Kalinin is hit by Steve Begin and loses puck.
1:48 of 2nd period - Slapshot by Greg Campbell.
1:48 of 2nd period - Stopped by Cam Ward with a rebound.
2:08 of 2nd period - Snap shot by Derek Roy.
2:08 of 2nd period - Shot Misses the Net.
2:30 of 2nd period - Slapshot by Pavel Datsyuk.
2:30 of 2nd period - Goal by Pavel Datsyuk - Jets : 1 - Oilers : 2.
2:31 of 2nd period - Jonathan Toews wins face-off versus Derek Roy in neutral zone.
2:54 of 2nd period - Icing by Ales Kotalik.
2:55 of 2nd period - Mikko Koivu wins face-off versus Pavel Datsyuk in Jets zone.
3:33 of 2nd period - Snap shot by Ilya Kovalchuk.
3:33 of 2nd period - Shot Blocked by Ales Kotalik.
4:30 of 2nd period - Slapshot by Eric Fehr.
4:30 of 2nd period - Stopped by Cam Ward without a rebound.
4:31 of 2nd period - Greg Campbell wins face-off versus Jonathan Toews in Oilers zone.
4:43 of 2nd period - Minor Penalty to Fredrik Sjostrom for Hooking.
4:44 of 2nd period - Derek Roy wins face-off versus Jonathan Toews in Jets zone.
5:10 of 2nd period - Michal Rozsival is hit by Pavel Datsyuk and loses puck.
5:37 of 2nd period - Snap shot by Greg Campbell.
5:37 of 2nd period - Stopped by Cam Ward with a rebound.
6:43 of 2nd period - Penalty to Fredrik Sjostrom is over, Fredrik Sjostrom is back on ice.
6:47 of 2nd period - Fredrik Sjostrom is hit by Wayne Simmonds.
6:57 of 2nd period - Snap shot by Fredrik Sjostrom.
6:57 of 2nd period - Stopped by Cam Ward with a rebound.
6:59 of 2nd period - Slapshot by Tom Preissing.
6:59 of 2nd period - Deflect By Zach Bogosian.
6:59 of 2nd period - Stopped by Cam Ward without a rebound.
7:00 of 2nd period - Mikko Koivu wins face-off versus Jordan Nolan in Oilers zone.
7:01 of 2nd period - Wrist shot by Tuomo Ruutu.
7:01 of 2nd period - Shot Misses the Net.
7:47 of 2nd period - Patrick Kaleta is hit by Derek Roy and loses puck.
8:20 of 2nd period - Snap shot by Ales Kotalik.
8:20 of 2nd period - Stopped by Cam Ward without a rebound.
8:21 of 2nd period - Jordan Nolan wins face-off versus Ales Kotalik in Oilers zone.
8:28 of 2nd period - Wrist shot by Eric Nystrom.
8:28 of 2nd period - Shot Misses the Net.
9:12 of 2nd period - Snap shot by Mikko Koivu.
9:12 of 2nd period - Stopped by Cam Ward without a rebound.
9:13 of 2nd period - Ilya Kovalchuk wins face-off versus Derek Roy in Oilers zone.
9:13 of 2nd period - Scott Niedermayer is hit by Derek Roy and loses puck.
9:47 of 2nd period - Slapshot by Patrick Kaleta.
9:47 of 2nd period - Shot Misses the Net.
10:03 of 2nd period - Jordan Nolan is hit by Fredrik Sjostrom and loses puck.
10:51 of 2nd period - Slapshot by Pavel Datsyuk.
10:51 of 2nd period - Shot Blocked by Tom Preissing.
10:53 of 2nd period - Minor Penalty to Mikko Koivu for Hooking.
10:54 of 2nd period - Ilya Kovalchuk wins face-off versus Derek Roy in Jets zone.
10:59 of 2nd period - Snap shot by Ilya Kovalchuk.
10:59 of 2nd period - Stopped by Maxime Daigneault without a rebound.
11:00 of 2nd period - Jonathan Toews wins face-off versus Derek Roy in Jets zone.
11:03 of 2nd period - Wrist shot by Joe Pavelski.
11:03 of 2nd period - Shot Misses the Net.
11:05 of 2nd period - Snap shot by Scott Niedermayer.
11:05 of 2nd period - Goal by Scott Niedermayer - Jets : 1 - Oilers : 3.
11:06 of 2nd period - Jonathan Toews wins face-off versus Mikko Koivu in neutral zone.
11:13 of 2nd period - Wrist shot by Ilya Kovalchuk.
11:13 of 2nd period - Shot Misses the Net.
11:19 of 2nd period - Snap shot by Ilya Kovalchuk.
11:19 of 2nd period - Stopped by Maxime Daigneault without a rebound.
11:20 of 2nd period - Ales Kotalik wins face-off versus Pavel Datsyuk in Jets zone.
11:45 of 2nd period - Michal Rozsival is hit by Jonathan Toews and loses puck.
12:28 of 2nd period - Snap shot by Eric Nystrom.
12:28 of 2nd period - Stopped by Maxime Daigneault without a rebound.
12:29 of 2nd period - Mikko Koivu wins face-off versus Jordan Nolan in Jets zone.
12:46 of 2nd period - Minor Penalty to Mikko Koivu for Hooking.
12:47 of 2nd period - Derek Roy wins face-off versus Jonathan Toews in Jets zone.
13:13 of 2nd period - Tomas Fleischmann is hit by Michal Rozsival and loses puck.
14:06 of 2nd period - Ilya Kovalchuk is hit by Fredrik Sjostrom and loses puck.
14:46 of 2nd period - Penalty to Mikko Koivu is over, Mikko Koivu is back on ice.
15:05 of 2nd period - Steve Begin is hit by Tuomo Ruutu and loses puck.
15:52 of 2nd period - Rob Scuderi is hit by Adam Burish and loses puck.
16:25 of 2nd period - Minor Penalty to Kristian Huselius for Elbowing.
16:26 of 2nd period - Derek Roy wins face-off versus Jonathan Toews in Jets zone.
16:55 of 2nd period - Dmitri Kalinin is hit by Patrick Kaleta and loses puck.
18:11 of 2nd period - Icing by Joe Pavelski.
18:12 of 2nd period - Greg Campbell wins face-off versus Jonathan Toews in Oilers zone.
18:21 of 2nd period - Wrist shot by Greg Campbell.
18:21 of 2nd period - Shot Misses the Net.
18:25 of 2nd period - Penalty to Kristian Huselius is over, Kristian Huselius is back on ice.
18:30 of 2nd period - Snap shot by Kristian Huselius.
18:30 of 2nd period - Stopped by Cam Ward with a rebound.
18:32 of 2nd period - Snap shot by Ales Kotalik.
18:32 of 2nd period - Shot Blocked by Ilya Kovalchuk.
18:34 of 2nd period - Slapshot by Colin White.
18:34 of 2nd period - Shot Misses the Net.
18:36 of 2nd period - Snap shot by Ales Kotalik.
18:36 of 2nd period - Stopped by Cam Ward with a rebound.
18:44 of 2nd period - Ales Kotalik is hit by Joe Pavelski and loses puck.
18:58 of 2nd period - Wrist shot by Ilya Kovalchuk.
18:58 of 2nd period - Stopped by Maxime Daigneault without a rebound.
18:59 of 2nd period - Pavel Datsyuk wins face-off versus Jussi Jokinen in Jets zone.
19:00 of 2nd period - Wrist shot by Patrick Kaleta.
19:00 of 2nd period - Deflect By Tomas Fleischmann.
19:00 of 2nd period - Stopped by Maxime Daigneault with a rebound.
19:02 of 2nd period - Slapshot by Patrick Kaleta.
19:02 of 2nd period - Stopped by Maxime Daigneault with a rebound.
19:04 of 2nd period - Slapshot by Patrick Kaleta.
19:04 of 2nd period - Stopped by Maxime Daigneault with a rebound.
19:12 of 2nd period - Slapshot by Mikko Koivu.
19:12 of 2nd period - Stopped by Cam Ward with a rebound.
19:20 of 2nd period - Tomas Fleischmann is hit by Dmitri Kalinin and loses puck.
19:33 of 2nd period - Snap shot by Patrick Kaleta.
19:33 of 2nd period - Stopped by Maxime Daigneault without a rebound.
19:34 of 2nd period - Peter Regin wins face-off versus Derek Roy in Jets zone.
Goals for this period are 0 for Jets vs 2 for Oilers.
Shots for this period are 10 for Jets vs 10 for Oilers.

3rd period


0:01 of 3rd period - Jonathan Toews wins face-off versus Derek Roy in neutral zone.
0:04 of 3rd period - Slapshot by Jonathan Toews.
0:04 of 3rd period - Shot Misses the Net.
0:14 of 3rd period - Slapshot by Jonathan Toews.
0:14 of 3rd period - Stopped by Maxime Daigneault without a rebound.
0:15 of 3rd period - Mikko Koivu wins face-off versus Pavel Datsyuk in Jets zone.
0:20 of 3rd period - Slapshot by Mikko Koivu.
0:20 of 3rd period - Stopped by Cam Ward without a rebound.
0:21 of 3rd period - Mikko Koivu wins face-off versus Pavel Datsyuk in Oilers zone.
0:24 of 3rd period - Wrist shot by Mikko Koivu.
0:24 of 3rd period - Shot Misses the Net.
0:26 of 3rd period - Wrist shot by Mikko Koivu.
0:26 of 3rd period - Shot Blocked by Scott Niedermayer.
0:55 of 3rd period - Snap shot by Joe Pavelski.
0:55 of 3rd period - Stopped by Maxime Daigneault without a rebound.
0:56 of 3rd period - Pavel Datsyuk wins face-off versus Derek Roy in Jets zone.
0:59 of 3rd period - Wrist shot by Pavel Datsyuk.
0:59 of 3rd period - Stopped by Maxime Daigneault with a rebound.
1:01 of 3rd period - Wrist shot by Tomas Fleischmann.
1:01 of 3rd period - Stopped by Maxime Daigneault without a rebound.
1:02 of 3rd period - Derek Roy wins face-off versus Pavel Datsyuk in Jets zone.
2:11 of 3rd period - Backhand shot by Scott Niedermayer.
2:11 of 3rd period - Stopped by Maxime Daigneault with a rebound.
2:13 of 3rd period - Backhand shot by Jordan Nolan.
2:13 of 3rd period - Stopped by Maxime Daigneault with a rebound.
2:22 of 3rd period - Wrist shot by Eric Nystrom.
2:22 of 3rd period - Stopped by Maxime Daigneault with a rebound.
2:55 of 3rd period - Rob Scuderi is hit by Marek Zidlicky and loses puck.
3:17 of 3rd period - Icing by Mark Streit.
3:18 of 3rd period - Peter Regin wins face-off versus Mikko Koivu in Jets zone.
3:20 of 3rd period - Minor Penalty to Peter Regin for Hooking.
3:21 of 3rd period - Derek Roy wins face-off versus Pavel Datsyuk in Oilers zone.
5:20 of 3rd period - Penalty to Peter Regin is over, Peter Regin is back on ice.
5:34 of 3rd period - Greg Campbell is hit by Jordan Nolan and loses puck.
6:17 of 3rd period - Slapshot by Greg Campbell.
6:17 of 3rd period - Shot Misses the Net.
6:19 of 3rd period - Wrist shot by Eric Fehr.
6:19 of 3rd period - Stopped by Cam Ward with a rebound.
6:21 of 3rd period - Snap shot by Greg Campbell.
6:21 of 3rd period - Deflect By Eric Fehr.
6:21 of 3rd period - Stopped by Cam Ward with a rebound.
6:23 of 3rd period - Wrist shot by Eric Fehr.
6:23 of 3rd period - Stopped by Cam Ward with a rebound.
6:25 of 3rd period - Wrist shot by Eric Fehr.
6:25 of 3rd period - Shot Misses the Net.
6:27 of 3rd period - Wrist shot by Fredrik Sjostrom.
6:27 of 3rd period - Stopped by Cam Ward with a rebound.
6:29 of 3rd period - Backhand shot by Eric Fehr.
6:29 of 3rd period - Stopped by Cam Ward with a rebound.
7:06 of 3rd period - Snap shot by Fredrik Sjostrom.
7:06 of 3rd period - Stopped by Cam Ward with a rebound.
7:10 of 3rd period - Snap shot by Greg Campbell.
7:10 of 3rd period - Shot Misses the Net.
7:12 of 3rd period - Snap shot by Fredrik Sjostrom.
7:12 of 3rd period - Shot Blocked by Ilya Kovalchuk.
7:14 of 3rd period - Slapshot by Greg Campbell.
7:14 of 3rd period - Stopped by Cam Ward without a rebound.
7:15 of 3rd period - Pavel Datsyuk wins face-off versus Derek Roy in Oilers zone.
7:28 of 3rd period - Slapshot by Derek Roy.
7:28 of 3rd period - Deflect By Ales Kotalik.
7:28 of 3rd period - Stopped by Cam Ward with a rebound.
7:30 of 3rd period - Wrist shot by Derek Roy.
7:30 of 3rd period - Shot Blocked by Christian Ehrhoff.
8:45 of 3rd period - Slapshot by Benoit Pouliot.
8:45 of 3rd period - Stopped by Cam Ward without a rebound.
8:46 of 3rd period - Pavel Datsyuk wins face-off versus Derek Roy in Oilers zone.
8:55 of 3rd period - Snap shot by Derek Roy.
8:55 of 3rd period - Stopped by Cam Ward without a rebound.
8:56 of 3rd period - Jonathan Toews wins face-off versus Derek Roy in Oilers zone.
10:54 of 3rd period - Slapshot by Christian Ehrhoff.
10:54 of 3rd period - Shot Blocked by Mark Streit.
13:32 of 3rd period - Snap shot by Kristian Huselius.
13:32 of 3rd period - Stopped by Cam Ward with a rebound.
13:34 of 3rd period - Snap shot by Tuomo Ruutu.
13:34 of 3rd period - Stopped by Cam Ward with a rebound.
13:36 of 3rd period - Wrist shot by Tuomo Ruutu.
13:36 of 3rd period - Stopped by Cam Ward with a rebound.
13:46 of 3rd period - Jussi Jokinen is hit by Jordan Nolan and loses puck.
13:52 of 3rd period - Minor Penalty to Jussi Jokinen for Tripping.
13:53 of 3rd period - Derek Roy wins face-off versus Jonathan Toews in Jets zone.
14:11 of 3rd period - Derek Roy is hit by Joe Pavelski.
14:29 of 3rd period - Snap shot by Jonathan Toews.
14:29 of 3rd period - Shot Blocked by Michal Rozsival.
14:31 of 3rd period - Wrist shot by Jonathan Toews.
14:31 of 3rd period - Goal by Jonathan Toews - Jets : 1 - Oilers : 4.
14:32 of 3rd period - Pavel Datsyuk wins face-off versus Derek Roy in neutral zone.
14:56 of 3rd period - Icing by Michal Rozsival.
14:57 of 3rd period - Mikko Koivu wins face-off versus Jonathan Toews in Jets zone.
15:02 of 3rd period - Michal Rozsival is hit by Scott Niedermayer.
15:10 of 3rd period - Slapshot by Scott Niedermayer.
15:10 of 3rd period - Shot Blocked by Jussi Jokinen.
16:36 of 3rd period - Wrist shot by Derek Roy.
16:36 of 3rd period - Shot Misses the Net.
16:38 of 3rd period - Wrist shot by Benoit Pouliot.
16:38 of 3rd period - Shot Misses the Net.
17:24 of 3rd period - Slapshot by Scott Niedermayer.
17:24 of 3rd period - Shot Blocked by Colin White.
17:41 of 3rd period - Mikko Koivu is hit by Tyler Kennedy and loses puck.
18:02 of 3rd period - Derek Roy is hit by Zach Bogosian and loses puck.
18:29 of 3rd period - Minor Penalty to Ilya Kovalchuk for Interference.
18:30 of 3rd period - Ales Kotalik wins face-off versus Pavel Datsyuk in Oilers zone.
18:33 of 3rd period - Slapshot by Derek Roy.
18:33 of 3rd period - Shot Misses the Net.
18:35 of 3rd period - Snap shot by Benoit Pouliot.
18:35 of 3rd period - Stopped by Cam Ward with a rebound.
18:37 of 3rd period - Slapshot by Dmitri Kalinin.
18:37 of 3rd period - Shot Blocked by Pavel Datsyuk.
18:39 of 3rd period - Snap shot by Benoit Pouliot.
18:39 of 3rd period - Goal by Benoit Pouliot - Jets : 2 - Oilers : 4.
18:40 of 3rd period - Greg Campbell wins face-off versus Peter Regin in neutral zone.
18:43 of 3rd period - Wrist shot by Fredrik Sjostrom.
18:43 of 3rd period - Stopped by Cam Ward with a rebound.
18:45 of 3rd period - Snap shot by Fredrik Sjostrom.
18:45 of 3rd period - Shot Misses the Net.
18:47 of 3rd period - Snap shot by Greg Campbell.
18:47 of 3rd period - Stopped by Cam Ward without a rebound.
18:48 of 3rd period - Steve Begin wins face-off versus Greg Campbell in Oilers zone.
18:59 of 3rd period - Wrist shot by Greg Campbell.
18:59 of 3rd period - Shot Misses the Net.
19:01 of 3rd period - Snap shot by Eric Fehr.
19:01 of 3rd period - Stopped by Cam Ward without a rebound.
19:02 of 3rd period - Greg Campbell wins face-off versus Jonathan Toews in Oilers zone.
19:03 of 3rd period - Slapshot by Fredrik Sjostrom.
19:03 of 3rd period - Shot Misses the Net.
19:51 of 3rd period - Pavel Datsyuk is hit by Adam Burish and loses puck.
Goals for this period are 1 for Jets vs 1 for Oilers.
Shots for this period are 19 for Jets vs 8 for Oilers.


Output by the SimonT Hockey Simulator (STHS) for François Prévost -- Original Page W3C XHTML 1.0 Valid
Hockey Simulator - Hockey Simulation - Hockey Manager